 Dungeon Crawl Stone Soup version 0.30-a0-305-g026cb31310 (webtiles) character file.

Game seed: 1466379929870672694

347 koil the Sneak (level 6, 0/32 HPs)
             Began as a Spriggan Brigand on Oct 22, 2022.
             Killed by nerve-wracking pain
             ... invoked by Menkaure
              (11 damage)
             ... on level 4 of the Dungeon.
             The game lasted 00:07:33 (3031 turns).

koil the Sneak (Spriggan Brigand)                   Turns: 3031, Time: 00:07:33

Health: 0/32       AC:  3    Str:  7    XL:     6   Next: 32%
Magic:  11/11      EV: 18    Int: 15    God:
Gold:   155        SH:  0    Dex: 16    Spells: 9/11 levels left

rFire   . . .      SeeInvis +    a - +2 dagger
rCold   . . .      Faith    .    (no shield)
rNeg    . . .      Spirit   .    b - +0 robe
rPois   .          Reflect  .    (helmet restricted)
rElec   .          Harm     .    c - +0 cloak
rCorr   .          Rampage  .    (gloves unavailable)
Will    +....                    (boots unavailable)
Stlth   ++++......               (no amulet)
HPRegen 0.25/turn                (no ring)
MPRegen 0.12/turn                (no ring)

@: very quick
A: very small, no large weapons, unfitting armour, see invisible, speed 3
a: no special abilities


You were on level 4 of the Dungeon.
You visited 1 branch of the dungeon, and saw 4 of its levels.

You collected 155 gold pieces.

Inventory:

Hand Weapons
 a - a +2 dagger (weapon)
Missiles
 d - 20 poisoned darts (quivered)
 e - 7 curare-tipped darts
Armour
 b - a +0 robe (worn)
 c - a +0 cloak (worn)
Magical Staves
 o - a staff of poison
Scrolls
 f - a scroll of blinking {unknown}
 g - 2 scrolls of vulnerability {unknown}
 j - a scroll of identify {unknown}
 k - 2 scrolls of butterflies {unknown}
 l - a scroll of enchant weapon {unknown}
 r - a scroll of teleportation {unknown}
Potions
 i - a potion of invisibility {unknown}
 m - 3 potions of heal wounds {unknown}
 n - a potion of magic {unknown}
 p - a potion of might {unknown}
 q - a potion of haste {unknown}


   Skills:
 + Level 2.6 Fighting
 + Level 3.5 Short Blades
 - Level 2.0 Throwing
 + Level 3.6 Dodging
 + Level 7.3 Stealth
 + Level 3.0 Spellcasting
 + Level 2.5 Hexes


You had 9 spell levels left.
You knew the following spells:

 Your Spells              Type           Power      Damage    Failure   Level
a - Ensorcelled Hibernat  Hex/Ice        12%        N/A       19%         2

Your spell library contained the following spells:

 Spells                   Type           Power      Damage    Failure   Level
 Sublimation of Blood     Necr           2%         N/A       30%         2
 Wereblood                Tmut           2%         N/A       30%         2
 Portal Projectile        Hex/Tloc       12%        N/A       34%         3
 Call Canine Familiar     Summ           2%         N/A       52%         3
 Spider Form              Tmut/Pois      2%         N/A       52%         3
 Anguish                  Hex/Necr       3%         N/A       75%         4
 Leda's Liquefaction      Hex/Erth       3%         N/A       75%         4
 Summon Hydra             Summ           1%         N/A       100%        7


Dungeon Overview and Level Annotations

Branches:
Dungeon (4/15)
 Temple: D:4-7

Altars:
Dithmenos
Ru
Trog

Shops:
D:1 !

Annotations:
D:4 Menkaure


Innate Abilities, Weirdness & Mutations

You are very small and have problems with some larger weapons.
You are too small for most types of armour.
You have supernaturally acute eyesight. (SInv)
You cover ground extremely quickly. (Speed+++)


Message History

The scorpion is lightly wounded.
You feel sick. The scorpion closely misses you.
You hit the scorpion but do no damage.
The scorpion is lightly wounded.
You feel sick. The scorpion closely misses you.
You feel sick.
You feel sick.
Throw: 22 darts (poison)
Press: ? - help, Q - select action, (/) - cycle Shift-Dir - straight line, f - scorpion
Aim: a scorpion (lightly wounded, 62% to hit)
You throw a poisoned dart. The poisoned dart hits the scorpion.
The scorpion is poisoned.
The scorpion is lightly wounded.
You feel sick.
You feel sick.
You feel sick.
You feel sick.
Throw: 21 darts (poison)
Press: ? - help, Q - select action, (/) - cycle Shift-Dir - straight line, f/p - scorpion
Aim: a scorpion (heavily wounded, poisoned, 62% to hit)
You throw a poisoned dart. The poisoned dart hits the scorpion.
The scorpion looks even sicker.
The scorpion is heavily wounded.
You feel sick.
You are no longer poisoned.
You feel a bit more experienced.
Your Spellcasting skill increases to level 3!
You hit Menkaure.
Menkaure is lightly damaged.
Menkaure gestures at you while chanting.
You resist with significant effort.
You hit Menkaure.
Menkaure is lightly damaged.
Menkaure calls on the powers of darkness!
Your body is wracked with pain!
You hit Menkaure.
Menkaure is moderately damaged.
Menkaure points at you and mumbles some strange words.
Pain shoots through your body!
You die...

#...(......#
##.#.##.##.###
#####...## ###..
#.......M## ##.#
#.#######.###..#
#.†.†.##.#M..######.
#######.##.#.........
#^#####'####.######..
#.......# ##@##
#..._...# #...#
##...).####...###
##...###.......###
##..# #...........
######.###.......####
#..............###
####.###..####†...#
..##.# #..# #.####


You could see Menkaure.

Vanquished Creatures
  A black bear (D:3)
  2 scorpions (D:4)
  3 adders (D:2)
  4 worms
  A dart slug (D:3)
  12 orcs
  4 ball pythons
  7 bats
  8 endoplasms
  4 giant cockroaches
  6 goblins
  8 hobgoblins
  3 jackals (D:3)
  9 kobolds
  3 quokkas
  4 frilled lizards
  6 rats
85 creatures vanquished.

Vanquished Creatures (others)
  2 plants (D:3)
2 creatures vanquished.

Grand Total: 87 creatures vanquished

Notes
Turn   | Place    | Note
-------+----------+-------------------------------------------
     0 | D:1      | koil the Spriggan Brigand began the quest for the Orb.
     0 | D:1      | Reached XP level 1. HP: 10/10 MP: 2/2
    11 | D:1      | Found Seoggexy's Distillery.
   211 | D:1      | Reached skill level 6 in Stealth
   235 | D:1      | Reached XP level 2. HP: 15/15 MP: 2/4
   414 | D:1      | Reached skill level 1 in Spellcasting
   442 | D:1      | Learned a level 2 spell: Ensorcelled Hibernation
   818 | D:2      | Reached XP level 3. HP: 18/18 MP: 5/5
  1227 | D:2      | Found a shadowy altar of Dithmenos.
  1259 | D:2      | Reached skill level 1 in Hexes
  1259 | D:2      | Reached XP level 4. HP: 17/23 MP: 7/7
  1795 | D:3      | Found a sacrificial altar of Ru.
  1847 | D:3      | Noticed a black bear
  1909 | D:3      | Killed a black bear
  1910 | D:3      | Reached XP level 5. HP: 27/27 MP: 9/9
  2755 | D:4      | Reached skill level 7 in Stealth
  2856 | D:4      | Reached XP level 6. HP: 17/32 MP: 11/11
  2945 | D:4      | Found a bloodstained altar of Trog.
  2999 | D:4      | Noticed Menkaure
  3031 | D:4      | Killed from afar by Menkaure

Illustrated notes

Levels and vault maps discovered:
D:1:      amcnicky_arrival_underground_garden, layout_basic, serial_shops, shop,
          st_stairs_6, skrybe_limestone_x, minivault_11
D:2:      layout_loops_ring, basic_altar
D:3:      layout_basic, overflow_temple_1_default, serial_bayou_pond_c
D:4:      layout_loops_ring, trog_butcher_becter, gammafunk_ghost_grave,
          minmay_fractal_squares_diagonal_5, uniq_menkaure,
          uniq_crazy_yiuf_cottage, uniq_pikel

Skill      XL: |  1  2  3  4  5  6 |
---------------+-------------------+-----
Stealth        | 6 7 |  7.3
Spellcasting   | 1 2 3 |  3.0
Dodging        | 2 3 |  3.6
Fighting       | 2 |  2.6
Hexes          | 1 2 |  2.5
Short Blades   | 3 |  3.5
Throwing       | |  2.0

Action                   |  1- 3 |  4- 6 || total
-------------------------+-------+-------++-------
Melee: Dagger            |    94 |   191 ||   285
       Punch             |     1 |     1 ||     2
Throw: Dart              |       |    12 ||    12
  Use: Potion            |       |     1 ||     1
 Stab: Sleeping          |    23 |    11 ||    34
Armor: Robe              |    13 |    14 ||    27
Dodge: Dodged            |    47 |   145 ||   192

Table legend: (Time is in decaauts)
 A = Elapsed time spent in this place.
 B = Non-inter-level travel time spent in this place.
 C = Inter-level travel time spent in this place.
 D = Time resting spent in this place.
 E = Time spent auto-exploring this place.
 F = Levels seen in this place.
 G = Mean time per level.
                   A        B        C        D        E       F      G
               +--------+--------+--------+--------+--------+-----+--------+
         Total |   2140 |   2113 |     27 |    150 |   1410 |   4 |  535.0 |
       Dungeon |   2140 |   2113 |     27 |    150 |   1410 |   4 |  535.0 |
               +--------+--------+--------+--------+--------+-----+--------+

Top non-repeatable levels by time:
     D:3: 677 daAuts
     D:1: 598 daAuts
     D:2: 566 daAuts
     D:4: 299 daAuts
